 Dungeon Crawl Stone Soup version 0.29-a0-323-g050149af67 (webtiles) character file.

Game seed: 16847895371350352385

55 avis the Ruffian (level 3, -3/34 HPs)
             Began as a Hill Orc Monk on Apr 10, 2022.
             Slain by a bullfrog (7 damage)
             ... on level 3 of the Dungeon.
             The game lasted 00:05:42 (2192 turns).

avis the Ruffian (Hill Orc Monk)                    Turns: 2192, Time: 00:05:42

Health: -3/34      AC:  6    Str: 15    XL:     3   Next: 93%
Magic:  3/3        EV: 12    Int: 16    God:
Gold:   130        SH:  0    Dex: 13    Spells: 2/2 levels left

rFire   . . .      SeeInvis .     - Unarmed
rCold   . . .      Faith    .   (no shield)
rNeg    . . .      Spirit   .   l - +0 leather armour
rPois   .          Reflect  .   c - +2 helmet
rElec   .          Harm     .   (no cloak)
rCorr   .          Rampage  .   (no gloves)
Will    .....                   (no boots)
Stlth   ++........              (no amulet)
HPRegen 0.11/turn               q - +6 ring of intelligence
MPRegen 0.08/turn               (no ring)

@: no status effects
A: no striking features
a: no special abilities


You were on level 3 of the Dungeon.
You visited 1 branch of the dungeon, and saw 3 of its levels.

You collected 130 gold pieces.

Inventory:

Hand Weapons
 i - a +1 dagger of draining
Missiles
 d - 79 stones (quivered)
Armour
 a - a +0 robe
 c - a +2 helmet (worn)
 e - a +0 ring mail
 l - a +0 leather armour (worn)
Jewellery
 q - a +6 ring of intelligence (left hand)
Scrolls
 f - a scroll of magic mapping {unknown}
 g - 2 scrolls of blinking {unknown}
 n - a scroll of silence {unknown}
 o - a scroll of amnesia {unknown}
 p - 2 scrolls of teleportation {unknown}
Potions
 b - a potion of ambrosia
 h - 2 potions of curing {unknown}
 j - a potion of mutation {unknown}
 k - a potion of heal wounds {unknown}
 m - a potion of degeneration {unknown}


   Skills:
 + Level 4.3 Fighting
 + Level 2.5 Dodging
 - Level 1.5 Stealth
 * Level 4.6 Unarmed Combat


You had 2 spell levels left.
You didn't know any spells.
Your spell library was empty.

Dungeon Overview and Level Annotations

Branches:
Dungeon (3/15)

Altars:


Message History

The hobgoblin barely misses you.
You barely miss the hobgoblin.
The hobgoblin is heavily wounded.
The bullfrog hits you.
You closely miss the hobgoblin.
The hobgoblin is heavily wounded.
The hobgoblin hits you but does no damage.
The bullfrog hits you.
You hit the hobgoblin.
The hobgoblin is almost dead.
The bullfrog hits you. The hobgoblin closely misses you.
You closely miss the hobgoblin.
The hobgoblin is almost dead.
The bullfrog hits you.
* * * LOW HITPOINT WARNING * * *
The hobgoblin hits you but does no damage.
The bullfrog hits you but does no damage.
You barely miss the hobgoblin.
The hobgoblin is almost dead.
The bullfrog hits you.
* * * LOW HITPOINT WARNING * * *
The hobgoblin hits you but does no damage.
You hit the hobgoblin but do no damage.
The hobgoblin is almost dead.
The bullfrog hits you.
* * * LOW HITPOINT WARNING * * *
The hobgoblin misses you.
You hit the hobgoblin but do no damage.
The hobgoblin is almost dead.
The bullfrog releases a deep croak.
The bullfrog misses you. The hobgoblin hits you.
* * * LOW HITPOINT WARNING * * *
The bullfrog misses you.
You closely miss the hobgoblin.
The hobgoblin is almost dead.
The bullfrog misses you. The hobgoblin closely misses you.
You hit the hobgoblin.
You kill the hobgoblin!
The bullfrog hits you!
You die...

......
#....
#.... #
.... .###
#..##...
#.....
#F..###...
#.@.......
#...###...
#.### #.
#< #. #.
#.


You could see a bullfrog.

Vanquished Creatures
  A gnoll (D:1)
  A worm (D:1)
  2 dart slugs (D:1)
  6 endoplasms
  3 giant cockroaches
  2 goblins
  3 hobgoblins
  5 kobolds
  4 quokkas (D:1)
  2 ball pythons
  4 bats
  A frilled lizard (D:2)
  2 rats (D:1)
36 creatures vanquished.

Notes
Turn   | Place    | Note
-------+----------+-------------------------------------------
     0 | D:1      | avis the Hill Orc Monk began the quest for the Orb.
     0 | D:1      | Reached XP level 1. HP: 19/19 MP: 1/1
    82 | D:1      | Reached XP level 2. HP: 21/27 MP: 2/2
   616 | D:1      | Reached XP level 3. HP: 33/33 MP: 3/3
  1815 | D:2      | Found a faded altar of an unknown god.
  2179 | D:3      | Noticed a bullfrog
  2192 | D:3      | Slain by a bullfrog

Illustrated notes

Levels and vault maps discovered:
D:1:      amcnicky_arrival_gap_in_the_tavern_cellar, layout_loops_corners
D:2:      layout_loops_ring, hellmonk_ecumenical_altar_zigzags
D:3:      layout_loops_ring, mainiacjoe_overflow_24_doors,
          cheibrodos_sewer_entry_drain, gammafunk_ghost_split, serial_rivers,
          chequers_serial_rivers_micro_a, chequers_serial_rivers_room_a,
          chequers_serial_rivers_small_a, chequers_serial_rivers_micro_d,
          chequers_serial_rivers_marsh, kennysheep_generic_room_12

Skill      XL: |  1  2 |
---------------+-------+-----
Fighting       | 4 |  4.3
Unarmed Combat | 4 |  4.6
Dodging        | |  2.5
Stealth        | |  1.5

Action                   || total
-------------------------++-------
Melee: Unarmed           ||   147
       Punch             ||     2
 Stab: Sleeping          ||     8
Armor: Robe              ||    20
       Leather armour    ||    15
Dodge: Dodged            ||    71

Table legend: (Time is in decaauts)
 A = Elapsed time spent in this place.
 B = Non-inter-level travel time spent in this place.
 C = Inter-level travel time spent in this place.
 D = Time resting spent in this place.
 E = Time spent auto-exploring this place.
 F = Levels seen in this place.
 G = Mean time per level.
                   A        B        C        D        E       F      G
               +--------+--------+--------+--------+--------+-----+--------+
         Total |   2184 |   1997 |    187 |    290 |   1290 |   3 |  728.0 |
       Dungeon |   2184 |   1997 |    187 |    290 |   1290 |   3 |  728.0 |
               +--------+--------+--------+--------+--------+-----+--------+

Top non-repeatable levels by time:
     D:1: 1357 daAuts
     D:2: 811 daAuts
     D:3: 15 daAuts
